Map: Backwater LE

Players

krtekkrot

  • Race: Terran Terran
  • League: Platinum
  • Spawn Location: 11:00

axu - Winner!

  • Race: Protoss Protoss
  • League: Platinum
  • Spawn Location: 5:00

VOD

Have the link to the VOD?

Description

Time

  • Played on: March 21, 2018, 11:29 a.m.
  • Length: 13:38
Show
View Real Time Build Order
Export as new Build Order

krtekkrot Terran 

Build Orders: MMM Bio 

Get SALT Encoding   

  12  0:02  SCV  
  13  0:15  Supply Depot  
  13  0:18  SCV  
  14  0:30  SCV  
  14  0:31  Refinery  
  15  0:43  SCV  
  16  0:53  Barracks  
  16  0:58  Supply Depot  
  16  1:00  SCV  
  17  1:12  SCV  
  18  1:29  Barracks  
  18  1:40  Reaper  
  19  1:52  SCV  
  20  2:04  SCV  
  21  2:13  Marine  
  21  2:14  Command Center  
  22  2:16  SCV  
  22  2:20  Barracks Tech Lab  
  23  2:27  Refinery  
  23  2:28  SCV  
  24  2:32  Marine  
  23  3:13  Marine  
  23  3:14  Marine  
  26  3:20  SCV  
  26  3:28  Stimpack, Factory  
  26  3:32  Marauder, Bunker, SCV  
  29  3:43  Barracks Tech Lab  
  29  3:45  Engineering Bay  
  29  3:47  Engineering Bay  
  29  4:10  Supply Depot  
  29  4:12  Factory Tech Lab  
  29  4:13  Terran Infantry Weapons Level 1  
  29  4:14  Terran Infantry Armor Level 1  
  29  4:23  Armory  
  29  4:28  SCV  
  30  4:34  Supply Depot  
  30  4:37  Missile Turret  
  30  4:40  Missile Turret  
  30  4:51  Orbital Command  
  30  4:58  Concussive Shells  
  30  5:03  Marauder  
  30  5:05  Marine  
  33  5:16  Starport  
  33  5:23  Marine  
  33  5:24  Marine  
  35  5:29  Barracks  
  35  5:32  SCV  
  36  5:39  SCV  
  37  5:44  SCV  
  38  5:51  SCV  
  38  5:52  Medivac  
  38  5:55  Siege Tank  
  44  5:59  Marine  
  44  6:00  Marine  
  44  6:03  Combat Shields  
  46  6:13  SCV x2  
  48  6:23  Barracks Reactor  
  49  6:25  SCV x2  
  49  6:26  Missile Turret  
  49  6:27  Marine x2  
  49  6:29  Missile Turret  
  52  6:33  Medivac  
  54  6:51  Liberator  
  54  6:59  Bunker  
  54  7:00  Marauder x2  
  48  7:04  SCV x2  
  50  7:11  Marine  
  50  7:12  Marine  
  50  7:14  Siege Tank  
  58  7:16  SCV  
  59  7:44  Supply Depot  
  59  7:45  Supply Depot  
  59  7:46  Supply Depot  
  59  7:50  Command Center  
  59  7:55  Ghost Academy  
  59  8:05  Marine, SCV x2  
  62  8:06  Marine x3  
  62  8:17  SCV  
  63  8:20  Factory Tech Lab  
  63  8:23  Marauder  
  63  8:24  Marauder  
  67  8:38  Marine x2  
  67  8:41  Terran Infantry Weapons Level 2, Terran Infantry Armor Level 2  
  69  8:44  Marine  
  69  8:45  Marine  
  69  8:46  SCV x2  
  73  8:51  Barracks  
  73  8:58  SCV x2  
  75  9:10  SCV  
  75  9:11  SCV  
  77  9:19  Ghost  
  79  9:25  Refinery  
  79  9:26  Refinery  
  79  9:30  Orbital Command  
  79  9:31  Orbital Command  
  79  9:33  SCV  
  80  9:45  SCV  
  81  9:57  SCV  
  82  10:09  SCV  
  82  10:13  Starport Reactor  
  73  10:15  Marine x4  
  73  10:17  Barracks Tech Lab  
  77  10:21  SCV  
  78  10:32  Marine  
  78  10:33  Marine x2, SCV x3  
  84  10:37  Marine  
  84  10:41  Marauder  
  87  10:45  SCV x3  
  90  10:50  Marine  
  90  10:51  Marauder  
  93  11:02  Marauder, Medivac x2, Command Center, SCV x2  
  93  11:03  SCV, Siege Tank  
  105  11:04  Supply Depot x2  
  105  11:27  Supply Depot, Ghost x3  
  105  11:28  Supply Depot  
  105  11:29  Marine x2  
  105  11:31  Terran Vehicle And Ship Armor Level 1  
  105  11:32  Medivac x2  
  117  12:06  Marine x3  
  117  12:07  Marine x2  
  122  12:13  Barracks  
  122  12:14  SCV  
  122  12:15  SCV x2  
  125  12:16  Barracks  
  125  12:18  Barracks  
  125  12:24  Marine x4  
  125  12:25  Marine  
  125  12:27  SCV x3  
  133  12:39  SCV  
  133  12:42  Marine x2  
Show
View Real Time Build Order
Export as new Build Order

axu Protoss - Winner!

Build Orders: 1 Gate Expand 

Get SALT Encoding   

  12  0:01  Probe  
  13  0:13  Probe  
  14  0:21  Pylon  
  14  0:25  Probe  
  15  0:39  Probe  
  16  0:42  Gateway  
  16  0:51  Probe (Chrono Boost)  
  16  0:54  Assimilator  
  17  1:03  Probe (Chrono Boost)  
  18  1:08  Probe (Chrono Boost)  
  19  1:18  Probe  
  20  1:32  Nexus  
  20  1:38  Cybernetics Core  
  21  1:40  Probe  
  21  1:52  Probe  
  22  2:04  Probe  
  23  2:08  Assimilator  
  23  2:23  Warp Gate  
  23  2:29  Pylon  
  23  2:40  Probe  
  23  2:43  Adept (Chrono Boost)  
  23  2:52  Probe  
  23  3:12  Adept  
  25  3:19  Probe (Chrono Boost)  
  27  3:20  Probe (Chrono Boost)  
  27  3:31  Probe x2 (Chrono Boost)  
  29  3:37  Gateway  
  29  3:42  Twilight Council  
  29  3:48  Probe x2  
  31  4:00  Stalker, Probe x2  
  35  4:11  Pylon  
  35  4:12  Probe x2  
  37  4:22  Gateway  
  37  4:23  Assimilator, Gateway  
  37  4:24  Probe (Chrono Boost)  
  37  4:25  Probe (Chrono Boost)  
  37  4:27  Assimilator  
  39  4:34  Blink  
  39  4:35  Probe x2 (Chrono Boost)  
  41  4:39  Robotics Facility  
  41  4:40  Probe x2 (Chrono Boost)  
  43  5:02  Stalker x2  
  47  5:18  Probe x2  
  49  5:21  Stalker  
  49  5:22  Stalker  
  53  5:28  Pylon  
  53  5:30  Probe  
  53  5:31  Pylon  
  53  5:32  Pylon  
  53  5:34  Pylon  
  54  5:37  Forge x2  
  54  5:40  Templar Archives  
  54  5:46  Probe x2  
  54  5:47  Observer  
  57  5:55  Nexus  
  57  5:59  Probe x2  
  59  6:06  Stalker  
  59  6:08  Observer  
  59  6:11  Probe  
  63  6:27  Probe x2  
  65  6:33  Immortal  
  65  6:35  High Templar x2  
  65  6:36  High Templar  
  65  6:39  Probe x2  
  77  6:51  Assimilator, Probe x2  
  79  6:55  Assimilator  
  79  6:57  Pylon  
  79  7:00  Pylon  
  79  7:05  Pylon  
  79  7:33  Stalker x4  
  79  7:35  Immortal  
  91  7:39  Probe x3  
  94  7:49  Protoss Ground Armor Level 1 (Chrono Boost), Protoss Ground Weapons Level 1 (Chrono Boost)  
  94  7:50  Psionic Storm  
  94  7:51  Probe x2  
  96  8:03  High Templar x2  
  100  8:39  Gateway  
  100  8:40  Gateway  
  100  8:43  Gateway  
  100  8:48  Gateway  
  100  8:50  Zealot x4  
  100  8:51  Charge  
  108  8:56  Immortal  
  108  9:00  Nexus  
  112  9:06  Probe x3  
  115  9:12  Zealot x4  
  123  9:18  Probe x2  
  123  9:23  Pylon  
  125  9:25  Pylon  
  125  9:26  Protoss Shields Level 1 (Chrono Boost), Protoss Ground Weapons Level 2 (Chrono Boost)  
  125  9:28  Pylon  
  125  9:30  Pylon  
  125  9:41  Assimilator, Probe  
  126  9:46  Assimilator, Observer (Chrono Boost)  
  126  9:48  Pylon  
  126  9:50  Pylon  
  127  9:54  Robotics Facility, Pylon  
  122  10:00  Stalker x5  
  122  10:01  Stalker, Observer (Chrono Boost)  
  133  10:15  Probe x3  
  136  10:27  Probe x3  
  139  10:29  Shield Battery  
  139  10:31  Shield Battery  
  139  10:33  Photon Cannon  
  139  10:36  Photon Cannon  
  139  10:38  Photon Cannon  
  139  10:42  Robotics Bay  
  139  10:45  Immortal x2  
  147  11:16  Probe  
  147  11:17  Probe x2  
  150  11:28  Probe  
  150  11:29  Probe x2  
  150  11:31  Probe  
  154  11:35  Colossus x2  
  166  11:41  Sentry x5, Probe x3  
  166  11:43  Zealot x3, Probe  
  186  11:53  Probe  
  187  12:29  Colossus  
  193  12:37  Pylon  
  193  12:38  Shield Battery  
  193  12:43  Photon Cannon  
  193  12:45  Photon Cannon  
  193  12:47  Photon Cannon  
  193  12:51  Stargate  
  193  12:53  Stargate  
  193  12:56  Stargate  
  193  12:57  Stargate  
Tags
 
Composition
MMM Bio
Matchup
PvT
Spawn Locations
Cross Positions
Add a new tag
Caveats
  • Supply blocks, unpowered buildings, or Contaminate may cause inaccurate times.
  • Supply counts are checked every 10 seconds.